 Dungeon Crawl Stone Soup version 0.23.2 (webtiles) character file.

Game seed: 2021681433956416046

123 JaketheDog the Chopper (level 5, 0/46 HPs)
             Began as a Hill Orc Fighter on Apr 18, 2019.
             Was an Initiate of Dithmenos.
             Slain by Sigmund
             ... wielding a +3 antimagic scythe
              (11 damage)
             ... on level 3 of the Dungeon.
             The game lasted 00:16:43 (1707 turns).

JaketheDog the Chopper (Hill Orc Fighter)           Turns: 1707, Time: 00:16:43

Health: 0/46       AC: 10    Str: 20    XL:     5   Next: 7%
Magic:  0/5        EV:  5    Int:  8    God:    Dithmenos [......]
Gold:   88         SH:  9    Dex: 10    Spells: 4/4 levels left

rFire    . . .     SeeInvis .   a - +0 war axe
rCold    . . .     Gourm    .   c - +0 shield
rNeg     . . .     Faith    .   r - +0 chain mail
rPois    .         Spirit   .   l - +0 helmet
rElec    .         Reflect  .   (no cloak)
rCorr    .         Harm     .   (no gloves)
MR       .....                  (no boots)
Stlth    ..........             (no amulet)
HPRegen  0.15/turn              s - ring of wizardry
MPRegen  0.09/turn              (no ring)

@: lethally poisoned (0 -> -4)
A: no striking features
a: Renounce Religion


You were on level 3 of the Dungeon.
You worshipped Dithmenos.
Dithmenos was noncommittal.
You were not hungry.

You visited 1 branch of the dungeon, and saw 3 of its levels.

You collected 88 gold pieces.

Inventory:

Hand Weapons
 a - a +0 war axe (weapon)
Armour
 c - a +0 shield (worn)
 l - a +0 helmet (worn)
 r - a +0 chain mail (worn)
Jewellery
 s - a ring of wizardry (left hand)
Scrolls
 g - a scroll of teleportation {unknown}
 i - 4 scrolls of identify
 k - 3 scrolls of immolation {unknown}
 m - a scroll of fog {unknown}
 n - a scroll of enchant armour {unknown}
 q - a scroll of enchant weapon {unknown}
 t - 2 scrolls of remove curse {unknown}
Potions
 d - a potion of might
 h - a potion of ambrosia {unknown}
 o - 2 potions of curing {unknown}
 p - a potion of flight {unknown}
 u - a potion of resistance {unknown}
Comestibles
 f - 2 rations


   Skills:
 - Level 3.7 Fighting
 * Level 5.1 Axes
 + Level 4.1 Armour
 + Level 4.1 Shields


You had 4 spell levels left.
You didn't know any spells.
Your spell library was empty.

Dungeon Overview and Level Annotations

Branches:
Dungeon (3/15)

Altars:
Dithmenos

Annotations:
D:3 Sigmund


Message History

The adder is almost dead.
The adder barely misses you. Something hits you.
* * * LOW HITPOINT WARNING * * *
Unknown command.
You slash the adder!
You kill the adder!
Dithmenos accepts your kill.
You have reached level 5!
You feel stronger.
You feel sick. You block something's attack.
Your shield and chain mail prevent you from hitting the giant cockroach.
You feel sick.
The giant cockroach bites you but does no damage.
The giant cockroach completely misses you.
You block something's attack.
You barely miss the giant cockroach.
You feel sick. You block the giant cockroach's attack.
The giant cockroach bites you but does no damage.
Something hits you!
You die...

..#...#... .......... #.........
#......... #......... #.........
#.g....... ##s# #.@# #..# ##..#
. #...##..#
#############.#....###.....#.##
#..........................#..
######.######.#.#.###........###
#....#.........#...........
####.#.###+###............#


You could see a giant cockroach and a hobgoblin.

Vanquished Creatures
  A hound (D:3)
  4 adders
  4 worms
  A dart slug (D:1)
  2 leopard geckos
  6 bats
  3 giant cockroaches
  6 jackals (D:3)
  3 ball pythons
  3 frilled lizards
  4 goblins (D:1)
  6 kobolds
  2 rats
  A bush (D:2)
  A plant (D:2)
47 creatures vanquished.

Notes
Turn   | Place    | Note
-------+----------+-------------------------------------------
     0 | D:1      | JaketheDog the Hill Orc Fighter began the quest for the
                  | Orb.
     0 | D:1      | Reached XP level 1. HP: 19/19 MP: 1/1
   178 | D:1      | Reached skill level 3 in Axes
   200 | D:1      | Reached XP level 2. HP: 20/27 MP: 2/2
   725 | D:2      | Reached XP level 3. HP: 27/33 MP: 3/3
   794 | D:2      | Reached skill level 4 in Axes
  1505 | D:3      | Reached XP level 4. HP: 40/40 MP: 4/4
  1642 | D:3      | Found a shadowy altar of Dithmenos.
  1653 | D:3      | Reached skill level 5 in Axes
  1657 | D:3      | Became a worshipper of Dithmenos the Shadowed
  1694 | D:3      | Noticed Sigmund
  1705 | D:3      | Reached XP level 5. HP: 13/46 MP: 0/5
  1707 | D:3      | Slain by Sigmund

Skill      XL: |  1  2  3  4 |
---------------+-------------+-----
Axes           | 3 4 5 |  5.1
Armour         | 4 |  4.1
Shields        | 4 |  4.1
Fighting       | |  3.7

Action                   |  1- 3 |  4- 6 || total
-------------------------+-------+-------++-------
Melee: War axe           |   147 |    66 ||   213
  Use: Scroll            |       |     1 ||     1
  Eat: Chunk             |     1 |       ||     1
       Ration            |       |     1 ||     1
Armor: Scale mail        |    26 |       ||    26
       Chain mail        |    29 |    52 ||    81
Dodge: Dodged            |    19 |    26 ||    45
Block: Shield            |    57 |    41 ||    98
